 Dungeon Crawl Stone Soup version 0.29-a0-367-gc2b5878c41 (webtiles) character file.

Game seed: 8867308368616244954

112 Ge0ff the Cutter (level 5, -10/40 HPs)
             Began as a Djinni Monk on May 1, 2022.
             Was an Initiate of Yredelemnul.
             Killed by divine providence
             ... invoked by an orc priest
              (13 damage)
             ... on level 4 of the Dungeon.
             The game lasted 00:04:54 (2450 turns).

Ge0ff the Cutter (Djinni Monk)                      Turns: 2450, Time: 00:04:55

Health: -10/40     AC:  7    Str:  7 (10) XL:     5   Next: 16%
Gold:   64         EV: 13    Int: 11 (14) God:    Yredelemnul [......] SH:  0 Dex: 14 (15)

rFire   + + .      SeeInvis +   a - +0 rapier
rCold   x . .      Faith    .   (no shield)
rNeg    + . .      Spirit   .   A - +2 robe {rN+}
rPois   ∞          Reflect  .   (no helmet)
rElec   .          Harm     .   v - +2 cloak
rCorr   .          Rampage  .   (no gloves)
Will    .....                   (boots unavailable)
Stlth   ++........              (no amulet)
HPRegen 0.13/turn               z - ring of see invisible
MPRegen 0.00/turn               (no ring)

@: flying
A: sickness immunity, fire resistance 2, cold vulnerability 1, float, innate
caster, HP casting, extra vitality 1
a: Renounce Religion, Recall Undead Harvest


You were on level 4 of the Dungeon.
You worshipped Yredelemnul.
Yredelemnul was noncommittal.
You visited 1 branch of the dungeon, and saw 4 of its levels.

You collected 64 gold pieces.

Inventory:

Hand Weapons
 a - a +0 rapier (weapon)
 y - a +0 short sword
Missiles
 s - 96 stones (quivered)
 B - 3 poisoned darts
Armour
 v - a +2 cloak (worn)
 A - a +2 robe of positive energy (worn)
Jewellery
 z - a ring of see invisible (left hand)
Scrolls
 m - a scroll of magic mapping
 p - a scroll of enchant armour
 T - 2 scrolls of teleportation


   Skills:
 - Level 3.0 Fighting
 + Level 4.1 Short Blades
 - Level 3.2 Dodging
 - Level 1.5 Stealth
 * Level 2.0 Spellcasting


You had 5 spell levels left.
You knew the following spells:

 Your Spells              Type           Power      Damage    Failure   Level
c - Blink                 Tloc           10%        N/A       19%         2
s - Beastly Appendage     Tmut           10%        N/A       13%         1
Your spell library was empty.

Dungeon Overview and Level Annotations

Branches:
Dungeon (4/15)
 Temple: D:4-7

Altars:
Yredelemnul


Innate Abilities, Weirdness & Mutations

You are immune to sickness and miasma.
You are immune to poison.
Your flesh is very heat resistant. (rF++)
You are vulnerable to cold. (rC-)
You float through the air rather than walking.
You learn spells naturally, not from books.
Your magical power is your life essence.
You have superior vitality. (+4 MHP)


Message History

The adder barely misses you.
You closely miss the adder.
The adder is moderately wounded.
The orc misses you.
The orc priest mumbles some strange prayers to Beogh against you.
Beogh smites you!
* * * LOW HITPOINT WARNING * * *
The orc wizard hits you but does no damage.
The orc wizard closely misses you. The adder completely misses you.
You hit the adder.
The adder is severely wounded.
The adder barely misses you. The orc wizard barely misses you.
The orc hits you but does no damage. x2; The orc wizard barely misses you.
You miss the adder.
The adder is severely wounded.
The adder completely misses you. The orc wizard closely misses you.
The orc hits you but does no damage. The orc barely misses you.
The orc wizard hits you with a +0 dagger.
* * * LOW HITPOINT WARNING * * *
The orc priest barely misses you. The adder closely misses you.
You hit the adder.
You kill the adder!
The orc wizard hits you but does no damage.
The orc hits you but does no damage. The orc misses you.
The orc priest barely misses you. The orc wizard barely misses you.
Your Spellcasting skill increases to level 2!
You barely miss the orc.
The orc wizard hits you but does no damage.
The orc hits you but does no damage. The orc barely misses you.
The orc hits you but does no damage.
The orc priest hits you but does no damage.
The orc wizard barely misses you.
Unknown command.
You barely miss the orc.
The orc wizard hits you with a +0 dagger.
* * * LOW HITPOINT WARNING * * *
The orc hits you but does no damage. The orc hits you with a +0 club.
* * * LOW HITPOINT WARNING * * *
The orc misses you.
The orc priest looks braver for a moment.
The orc wizard barely misses you.
You hit the orc.
The orc is heavily wounded.
The orc wizard casts a spell at you. You resist with some effort.
The orc barely misses you. x2
The orc hits you but does no damage.
The orc priest calls down the wrath of Beogh upon you.
Beogh smites you!
You die...
Your body rises from the dead as a mindless zombie.

.#...##.# .#
#... #.# .# ###
#.# .#
###.##.###
#........####
####...)..#.....
................
####.ooo.#######
#.o@o.# ###o#.#
#.#.# #.#..
#.#### ..# ...
#.#


You could see an orc priest, 2 orc wizards and 3 orcs.

Vanquished Creatures
  A hound (D:3)
  3 adders
  2 dart slugs
  An orc (D:4)
  5 ball pythons
  5 bats
  3 endoplasms
  A giant cockroach (D:1)
  2 goblins (D:1)
  5 hobgoblins
  4 jackals (D:1)
  2 quokkas (D:1)
  2 frilled lizards (D:2)
  3 kobolds
  4 rats
43 creatures vanquished.

Vanquished Creatures (collateral kills)
  An orc (D:4)
  An endoplasm (D:3)
2 creatures vanquished.

Vanquished Creatures (others)
  A ball python zombie (D:4)
  An orc zombie (D:4)
  3 fungi (D:2)
  8 plants
13 creatures vanquished.

Grand Total: 58 creatures vanquished

Notes
Turn   | Place    | Note
-------+----------+-------------------------------------------
     0 | D:1      | Ge0ff the Djinni Monk began the quest for the Orb.
     0 | D:1      | Reached XP level 1. HP: 20/20 MP: 0/0
   482 | D:1      | HP: 1/20 [goblin/+0 club (2)]
   484 | D:1      | Reached skill level 3 in Short Blades
   824 | D:1      | Reached XP level 2. HP: 25/25 MP: 0/0
  1158 | D:1      | Reached XP level 3. HP: 30/30 MP: 0/0
  1158 | D:1      | Learned a level 1 spell: Beastly Appendage
  2054 | D:2      | Found a faded altar of an unknown god.
  2067 | D:2      | Reached skill level 1 in Spellcasting
  2067 | D:2      | Reached XP level 4. HP: 32/35 MP: 0/0
  2134 | D:2      | Prayed at the altar of an unknown god.
  2134 | D:2      | Became a worshipper of Yredelemnul the Dark
  2134 | D:2      | Reached * piety under Yredelemnul
  2134 | D:2      | Reached ** piety under Yredelemnul
  2196 | D:3      | Reached skill level 4 in Short Blades
  2385 | D:3      | Reached XP level 5. HP: 39/40 MP: 0/0
  2385 | D:3      | Learned a level 2 spell: Blink
  2450 | D:4      | Killed from afar by an orc priest

Illustrated notes

Levels and vault maps discovered:
D:1:      pf_arrival_petrified_forest, layout_basic, serial_forest,
          infiniplex_forest_straight_3, infiniplex_forest_lined_4_way,
          infiniplex_forest_lined_1, infiniplex_forest_3_way,
          infiniplex_forest_clump_double, infiniplex_forest_lined_2,
          infiniplex_forest_lined_room_3
D:2:      layout_loops_ring, dreamdust_ecumenical_altar_grove,
          uniq_crazy_yiuf_cottage
D:3:      layout_loops_ring, minmay_fountain_box, chequers_serial_rivers_micro_b
D:4:      layout_loops_ring, mainiacjoe_overflow_24_doors, uniq_ijyb,
          uniq_duvessa

Skill      XL: |  1  2  3  4  5 |
---------------+----------------+-----
Short Blades   | 3 4 |  4.1
Spellcasting   | 1 2 |  2.0
Fighting       | |  3.0
Dodging        | |  3.2
Stealth        | |  1.5

Action                   |  1- 3 |  4- 6 || total
-------------------------+-------+-------++-------
Melee: Short sword       |   120 |       ||   120
       Punch             |     2 |     1 ||     3
       Rapier            |    21 |    46 ||    67
       Headbutt          |     6 |     1 ||     7
Throw: Stone             |     3 |       ||     3
 Cast: Beastly Appendage |    10 |     1 ||    11
  Use: Scroll            |       |     5 ||     5
       Potion            |       |     4 ||     4
 Stab: Sleeping          |     8 |       ||     8
Armor: Robe              |    24 |    74 ||    98
Dodge: Dodged            |    87 |   139 ||   226

Table legend: (Time is in decaauts)
 A = Elapsed time spent in this place.
 B = Non-inter-level travel time spent in this place.
 C = Inter-level travel time spent in this place.
 D = Time resting spent in this place.
 E = Time spent auto-exploring this place.
 F = Levels seen in this place.
 G = Mean time per level.
                   A        B        C        D        E       F      G
               +--------+--------+--------+--------+--------+-----+--------+
         Total |   2440 |   2406 |     34 |     55 |   1762 |   4 |  610.0 |
       Dungeon |   2440 |   2406 |     34 |     55 |   1762 |   4 |  610.0 |
               +--------+--------+--------+--------+--------+-----+--------+

Top non-repeatable levels by time:
     D:1: 1728 daAuts
     D:2: 404 daAuts
     D:3: 249 daAuts
     D:4: 57 daAuts
